 Dungeon Crawl Stone Soup version 0.30.1-9-gdf580d7c3d (webtiles) character file.

Game seed: 15073250536060608869

5280 Chiseanne the Trooper (level 10, -1/80 HPs)
             Began as a Demonspawn Wanderer on Oct 5, 2023.
             Was an Initiate of Gozag.
             Slain by a deep troll (6 damage)
             ... on level 9 of the Dungeon.
             The game lasted 00:17:39 (9421 turns).

Chiseanne the Trooper (Demonspawn Wanderer)         Turns: 9421, Time: 00:17:40

Health: -1/80      AC: 26    Str: 15    XL:     10   Next: 37%
Magic:  10/10      EV: 11    Int: 12    God:    Gozag
Gold:   854        SH:  7    Dex: 22    Spells: 9/9 levels left

rFire   . . .        s - +1 flail (protect)
rCold   + . .        c - +0 buckler
rNeg    . . .        o - +2 chain mail {rC+}
rPois   .            (helmet restricted)
rElec   .            (no cloak)
rCorr   .            l - +0 pair of gloves
SInv    .            (no boots)
Will    .....        (no amulet) Stlth
                     v - +6 ring of dexterity
HPRegen 0.33/turn    k - ring of wizardry
MPRegen 0.12/turn

%: wizardry (x1)
@: sanguine armoured, under a protective aura, invisible
A: horns 2, demonic guardian 2, sanguine armour 1
a: Renounce Religion, Potion Petition, Call Merchant, Bribe Branch


You were on level 9 of the Dungeon.
You worshipped Gozag.
Gozag was pleased with you.
You visited 2 branches of the dungeon, and saw 10 of its levels.

You collected 978 gold pieces.
You paid 124 gold pieces to Gozag.

Inventory:

Hand Weapons
 a - a +2 hand axe of draining
 s - a +1 flail of protection (weapon)
Missiles
 b - 3 throwing nets
 f - 10 boomerangs (quivered)
 g - 62 stones
 n - 4 datura-tipped darts
 q - 3 javelins
 y - 5 atropa-tipped darts
 B - 13 poisoned darts
 D - 4 curare-tipped darts
Armour
 c - a +0 buckler (worn)
 l - a +0 pair of gloves (worn)
 o - a +2 chain mail of cold resistance (worn)
Jewellery
 k - a ring of wizardry (right hand)
 u - a ring of magical power
 v - a +6 ring of dexterity (left hand)
 x - a ring of flight
Wands
 j - a wand of polymorph (5)
 z - a wand of iceblast (5)
 E - a wand of flame (24)
 F - a wand of charming (8)
Scrolls
 d - a scroll of butterflies
 h - 2 scrolls of immolation
 m - 3 scrolls of blinking
 r - 5 scrolls of teleportation
 C - 3 scrolls of identify
Potions
 e - 3 potions of brilliance
 i - a potion of cancellation
 p - a potion of flight
 w - 5 potions of curing
 A - a potion of heal wounds


   Skills:
 * Level 7.8 Fighting
 - Level 2.6 Axes
 - Level 1.0 Throwing
 * Level 7.0 Armour
 * Level 7.1 Dodging
 * Level 7.6 Shields


You had 9 spell levels left.
You didn't know any spells.
Your spell library contained the following spells:

 Spells                   Type           Power      Damage    Failure   Level
 Apportation              Tloc           0%         N/A       85%         1
 Magic Dart               Conj           0%         1d3       85%         1
 Necrotise                Necr           0%         1d4       85%         1
 Summon Small Mammal      Summ           0%         N/A       85%         1
 Blink                    Tloc           0%         N/A       92%         2
 Cigotuvi's Dreadful Rot  Necr/Pois/Air  0%         N/A       92%         2
 Ensorcelled Hibernation  Hex/Ice        0%         N/A       92%         2
 Lesser Beckoning         Tloc           0%         N/A       92%         2
 Momentum Strike          Conj/Tloc      0%         3d8       92%         2
 Passwall                 Tmut/Erth      0%         N/A       92%         2
 Scorch                   Fire           0%         2d5       92%         2
 Searing Ray              Conj           0%         2d4       92%         2
 Ignite Poison            Fire/Tmut/Pois 0%         N/A       99%         3
 Ozocubu's Armour         Ice            0%         N/A       99%         3
 Swiftness                Air            0%         N/A       99%         3
 Animate Armour           Summ/Erth      0%         N/A       100%        4
 Flame Wave               Conj/Fire      0%         2d4       100%        4
 Fulminant Prism          Conj/Hex       0%         3d5       100%        4
 Petrify                  Tmut/Erth      0%         N/A       100%        4
 Freezing Cloud           Conj/Ice/Air   0%         6-21      100%        5
 Metabolic Englaciation   Hex/Ice        0%         N/A       100%        5
 Statue Form              Tmut/Erth      0%         N/A       100%        6
 Summon Cactus Giant      Summ           0%         N/A       100%        6
 Ozocubu's Refrigeration  Ice            0%         4d7       100%        7
 Summon Horrible Things   Summ           0%         N/A       100%        8


Dungeon Overview and Level Annotations

Branches:
Dungeon (9/15)             Temple (1/1) D:4
   Lair: D:8-11         Orc: D:9-12

Altars:
Dithmenos
Gozag
Qazlal
Trog
Wu Jian
Yredelemnul

Annotations:
D:2 Sigmund


Innate Abilities, Weirdness & Mutations

You have a pair of horns on your head.
A demonic guardian rushes to your aid.
When seriously injured, your blood forms armour. (AC +6)


Message History

Aiming: Iceblast
Press: ? - help, Shift-Dir - straight line, f/p - deep troll
Aim: a deep troll (lightly wounded)
The mass of ice explodes!
The iceblast engulfs the deep troll.
The deep troll is lightly wounded.
You barely miss the deep troll.
The deep troll is lightly wounded.
The deep troll bites you!
The deep troll claws you but does no damage.
The deep troll barely misses you.
You sock the deep troll!
Your weapon exudes an aura of protection.
You headbutt the deep troll.
The deep troll is moderately wounded.
The deep troll misses you. The deep troll claws you.
The deep troll claws you but does no damage.
You sock the deep troll! Your headbutt misses the deep troll.
The deep troll is heavily wounded.
You block the deep troll's attack. The deep troll claws you.
The deep troll claws you but does no damage.
The deep troll barely misses you. The deep troll claws you!
Your blood congeals into armour.
You block the deep troll's attack.
A wight comes into view. It is wielding a +1 halberd.
You fade into invisibility!
The deep troll bites you! The deep troll barely misses you.
The deep troll claws you!
You hit the deep troll but do no damage.
You headbutt the deep troll.
The deep troll is heavily wounded.
The deep troll bites you but does no damage.
The deep troll claws you.
* * * LOW HITPOINT WARNING * * *
The deep troll claws you but does no damage.
You barely miss the deep troll.
The deep troll is heavily wounded.
The deep troll bites you!
* * * LOW HITPOINT WARNING * * *
A demonic guardian appears!
The deep troll claws you.
You die...
Your body crumbles into a pile of gold.

.##............#
.##.###.#.......
.##.# #.#######
.##.###.#
.....##.#
####.##.#
#.##.##########
#.##......>4..#
#.###########@#
#.# #T# #.# #.#
#.# ##.# #.#
#.z# #...#
#......
...#####O. ####
##


You could see a deep troll (ally target), a wight (unable to see you) and a
friendly rust devil (summoned, wandering).

Vanquished Creatures
  Pikel (D:7)
  A cyclops (D:7)
  A gargoyle (D:7)
  A steam dragon (D:7)
  A vampire mosquito (D:7)
  2 water moccasins
  Duvessa (D:6)
  An orc warrior (D:8)
  A black bear (D:5)
  An ice beast (D:6)
  A sky beast (D:7)
  A boggart (D:6)
  4 centaurs
  2 phantoms
  2 kobold brigands (D:7)
  4 bullfrogs
  A scorpion (D:7)
  2 gnoll sergeants (D:5)
  5 wights
  A water moccasin skeleton (D:4)
  Dowan (D:6)
  2 howler monkeys (D:8)
  3 jellies
  2 hounds (D:5)
  An orc priest (D:7)
  A gnoll bouda (D:7)
  Jessica (D:2)
  6 orc wizards
  A scorpion zombie (D:4)
  Natasha (thrice) (D:3)
  2 iguanas (D:6)
  4 hound zombies (D:4)
  2 howler monkey zombies (D:4)
  20 gnolls
  6 adders
  A white imp (D:8)
  An ufetubus (D:7)
  2 adder zombies (D:4)
  An adder skeleton (D:4)
  3 worms (D:2)
  A dart slug (D:2)
  30 orcs
  4 bats
  6 endoplasms
  4 giant cockroaches
  7 goblins
  8 hobgoblins
  A jackal (D:2)
  7 quokkas
  7 ball pythons
  A frilled lizard (D:1)
  5 kobolds
  11 rats
189 creatures vanquished.

Vanquished Creatures (collateral kills)
  A steam dragon (D:7)
  Menkaure (D:6)
  A water moccasin (D:7)
  An orc warrior (D:8)
  An ogre (D:6)
  A scorpion (D:6)
  A howler monkey (D:6)
  2 iguanas (D:6)
  A gnoll (D:5)
  A white imp (D:6)
  2 orcs (D:6)
13 creatures vanquished.

Vanquished Creatures (others)
  2 bullfrogs (D:7)
2 creatures vanquished.

Grand Total: 204 creatures vanquished

Notes
Turn   | Place    | Note
-------+----------+-------------------------------------------
     0 | D:1      | Chiseanne the Demonspawn Wanderer began the quest for the
                  | Orb.
     0 | D:1      | Chiseanne set off with the following items: a +2 hand axe,
                  | a potion of curing, a +0 buckler, a scroll of butterflies,
                  | a +0 leather armour.
     0 | D:1      | Reached XP level 1. HP: 15/15 MP: 1/1
   168 | D:1      | Gained mutation: You have a pair of small horns on your
                  | head. [demonic ancestry]
   168 | D:1      | Reached XP level 2. HP: 11/21 MP: 2/2
   608 | D:1      | Reached XP level 3. HP: 26/27 MP: 3/3
  1001 | D:2      | Noticed Jessica
  1014 | D:2      | Killed Jessica
  1127 | D:2      | Reached XP level 4. HP: 29/33 MP: 4/4
  1303 | D:2      | Noticed Sigmund
  1536 | D:3      | Gained mutation: You have a pair of horns on your head.
                  | [demonic ancestry]
  1536 | D:3      | Reached XP level 5. HP: 29/39 MP: 5/5
  2026 | D:3      | Noticed Natasha
  2033 | D:3      | Killed Natasha
  2131 | D:3      | Noticed Natasha
  2141 | D:3      | Killed Natasha
  2204 | D:3      | Got the Treatise on the Unified Coward
  2383 | D:3      | Noticed Natasha
  2391 | D:3      | Killed Natasha
  2441 | D:4      | Gained mutation: A weak demonic guardian rushes to your
                  | aid. [demonic ancestry]
  2441 | D:4      | Reached XP level 6. HP: 41/47 MP: 6/6
  2841 | D:4      | Found a staircase to the Ecumenical Temple.
  3306 | D:5      | Entered Level 5 of the Dungeon
  3359 | D:5      | Gained mutation: When seriously injured, your blood forms
                  | armour. (AC +6) [demonic ancestry]
  3359 | D:5      | Reached XP level 7. HP: 42/53 MP: 7/7
  4340 | D:5      | Reached skill level 5 in Shields
  4689 | D:5      | Gained mutation: A demonic guardian rushes to your aid.
                  | [demonic ancestry]
  4689 | D:5      | Reached XP level 8. HP: 50/61 MP: 8/8
  4843 | D:6      | Noticed Blork the orc
  4869 | D:5      | Reached skill level 5 in Fighting
  5078 | D:6      | Blork the orc changed into Blork the quokka
  5078 | D:6      | Noticed Blork
  5084 | D:6      | Killed Blork the quokka
  5305 | D:6      | Noticed Menkaure
  5309 | D:6      | Reached skill level 5 in Dodging
  5314 | D:6      | Killed Menkaure
  5319 | D:6      | Reached skill level 5 in Armour
  5722 | D:6      | Found a basalt altar of Yredelemnul.
  5972 | D:6      | Noticed Dowan
  5973 | D:6      | Noticed Duvessa
  5980 | D:6      | Killed Duvessa
  5981 | D:6      | Reached XP level 9. HP: 69/69 MP: 9/9
  5984 | D:6      | Killed Dowan
  6114 | Temple   | Entered the Ecumenical Temple
  6147 | Temple   | Became a worshipper of Gozag Ym Sagoz the Greedy
  6634 | D:7      | Noticed Pikel
  6650 | D:7      | Killed Pikel
  6937 | D:7      | Noticed a gargoyle
  7530 | D:7      | Found an ornate altar of the Wu Jian Council.
  7539 | D:7      | Found a bloodstained altar of Trog.
  7649 | D:7      | Killed a gargoyle
  7650 | D:7      | Reached XP level 10. HP: 49/79 MP: 10/10
  7795 | D:7      | Noticed a cyclops
  7824 | D:7      | Killed a cyclops
  9408 | D:9      | Noticed a two-headed ogre
  9413 | D:9      | a two-headed ogre changed into a deep troll
  9413 | D:9      | Noticed a deep troll
  9421 | D:9      | Slain by a deep troll

Illustrated notes

Levels and vault maps discovered:
D:1:      amcnicky_arrival_abandoned_market, layout_basic,
          minmay_strange_pillars, columned_hall_lemuel, st_stairs_6,
          minmay_misc_feat_alley, corexii_leaking_fountain, minmay_statues_item
D:2:      layout_basic, minmay_circled_x, uniq_sigmund, uniq_jessica
D:3:      layout_basic, hangedman_abyss_or_decor_stabs,
          chequers_serial_rivers_marsh, eino_tiny_chamber, uniq_natasha
D:4:      layout_gridville, minmay_temple_entry_offerings, serial_undead,
          serial_undead_f, serial_undead_e, serial_undead_a, serial_undead_c,
          serial_undead_d
D:5:      layout_basic
D:6:      layout_basic, mainiacjoe_overflow_tiny_flanked, uniq_blork_the_orc,
          uniq_menkaure, uniq_duvessa
D:7:      minmay_slanted_spiral_squares, layout_rooms,
          mainiacjoe_overflow_swirl, hangedman_decor_opposing,
          grunt_ministairs_8, roderic_roman_lattice, minmay_misc_feat_encased,
          amcnicky_mini_corridor_feature, st_stairs_14, dreamdust_wishing_well,
          uniq_pikel
D:8:      layout_loops_corners
D:9:      layout_loops_ring, mainiacjoe_overflow_alcove_2,
          mainiacjoe_overflow_surrounded_room, nicolae_elyvilon_temple_path,
          orc_0_dummy
Temple:   nicolae_temple_slightly_damp_pantheon

Skill      XL: |  1  2  3  4  5  6  7  8  9 10 |
---------------+-------------------------------+-----
Shields        | 3 4 5 6 7 |  7.6
Fighting       | 2 3 4 6 7 |  7.8
Dodging        | 2 3 4 5 6 7 |  7.1
Armour         | 2 3 5 6 7 |  7.0
Axes           | |  2.6
Throwing       | |  1.0

Action                     |  1- 3 |  4- 6 |  7- 9 | 10-12 || total
---------------------------+-------+-------+-------+-------++-------
  Melee: Hand axe          |    76 |   219 |   273 |       ||   568
         Headbutt          |    14 |    34 |    96 |    30 ||   174
         Flail             |       |       |   107 |   115 ||   222
  Throw: Stone             |     1 |       |     5 |       ||     6
         Boomerang         |       |       |     5 |     4 ||     9
  Evoke: Wand              |       |       |     9 |     3 ||    12
    Use: Scroll            |     3 |     6 |     4 |     4 ||    17
         Potion            |       |     2 |     2 |     2 ||     6
   Stab: Distracted        |       |       |     1 |       ||     1
 Armour: Ring mail         |    13 |       |       |       ||    13
         Leather armour    |     3 |       |       |       ||     3
         Chain mail        |       |   166 |   268 |    52 ||   486
  Dodge: Dodged            |    28 |    73 |   198 |    59 ||   358
  Block: Buckler           |    23 |    70 |   172 |    43 ||   308
